 Dungeon Crawl Stone Soup version 0.27.0-1-g7a089689b8 (webtiles) character file.

Game seed: 11152615636217754215

10 HungrySpirit the Vexing (level 2, -2/21 HPs)
             Began as a Human Arcane Marksman on July 31, 2021.
             Slain by a gnoll (8 damage)
             ... on level 1 of the Dungeon.
             The game lasted 00:00:47 (677 turns).

HungrySpirit the Vexing (Human Arcane Marksman)      Turns: 677, Time: 00:00:48

Health: -2/21      AC:  2    Str: 10    XL:     2   Next: 30%
Magic:  3/3        EV: 12    Int: 13    God:
Gold:   23         SH:  0    Dex: 13    Spells: 2/3 levels left

rFire    . . .     SeeInvis .   b - +0 club
rCold    . . .     Faith    .   (no shield)
rNeg     . . .     Spirit   .   d - +0 robe
rPois    .         Reflect  .   (no helmet)
rElec    .         Harm     .   (no cloak)
rCorr    .         Rampage  .   (no gloves)
Will     .....                  (no boots)
Stlth    +.........             (no amulet)
HPRegen  0.07/turn              e - ring of flight
MPRegen  0.08/turn              (no ring)

@: flying
A: no striking features
a: no special abilities


You were on level 1 of the Dungeon.
You visited 1 branch of the dungeon, and saw 1 of its levels.

You collected 23 gold pieces.

Inventory:

Hand Weapons
 a - a +0 shortbow
 b - a +0 club (weapon)
Missiles
 c - 13 arrows
Armour
 d - a +0 robe (worn)
Jewellery
 e - a ring of flight (left hand)


   Skills:
 + Level 1.6 Fighting
 * Level 0.3 Maces & Flails
 - Level 2.0 Bows
 + Level 1.0 Armour
 - Level 2.0 Dodging
 - Level 1.0 Spellcasting
 - Level 3.0 Hexes


You had 2 spell levels left.
You knew the following spells:

 Your Spells              Type           Power      Damage    Failure   Level
a - Corona                Hex            8%         N/A       9%          1

Your spell library contained the following spells:

 Spells                   Type           Power      Damage    Failure   Level
 Slow                     Hex            8%         N/A       12%         2
 Inner Flame              Hex/Fire       4%         N/A       41%         3
 Portal Projectile        Hex/Tloc       8%         N/A       41%         3
 Ozocubu's Armour         Ice            0%         N/A       63%         3
 Cause Fear               Hex            4%         N/A       63%         4
 Ozocubu's Refrigeration  Ice            0%         4d5       100%        7


Dungeon Overview and Level Annotations

Branches:
Dungeon (1/15)

Altars:


Message History

The kobold shouts!
The kobold barely misses you.
You hit the kobold.
You kill the kobold!
No target in view!
No target in view!
No target in view!
Things that are here:
a +0 dagger; a kobold corpse A hobgoblin comes into view.
The hobgoblin shouts!
Found 10 stones.
A hobgoblin is nearby!
A hobgoblin is nearby!
You hit the hobgoblin.
You kill the hobgoblin!
No target in view!
No target in view!
No target in view!
You now have 23 gold pieces (gained 2).
Found a stone staircase leading down.
A gnoll comes into view. It is wielding a +2 spear of flaming.
A gnoll is nearby!
A gnoll is nearby!
The gnoll shouts!
The gnoll hits you with a +2 spear of flaming.
The gnoll burns you.
You hit the gnoll but do no damage. The gnoll barely misses you.
You closely miss the gnoll.
The gnoll hits you with a +2 spear of flaming.
The gnoll burns you.
* * * LOW HITPOINT WARNING * * *
You are too injured to fight recklessly!
You are too injured to fight recklessly!
You are too injured to fight recklessly!
You are too injured to fight recklessly!
You hit the gnoll.
The gnoll is lightly wounded.
The gnoll hits you with a +2 spear of flaming!
You die...

## ### ####.#...
..#.#.####
#.#...........##
#######.#.#...........
......g@>.............
########.##..#........
########.##..#.........#
..........#..#..(......#
########..#............#
#..#............#
#..#...####......
..####..#....###.#.###
.........#.....)#.#..#.


You could see a gnoll.

Vanquished Creatures
  An endoplasm (D:1)
  A goblin (D:1)
  2 hobgoblins (D:1)
  2 kobolds (D:1)
  2 ball pythons (D:1)
  2 frilled lizards (D:1)
10 creatures vanquished.

Notes
Turn   | Place    | Note
-------+----------+-------------------------------------------
     0 | D:1      | HungrySpirit the Human Arcane Marksman began the quest for
                  | the Orb.
     0 | D:1      | Reached XP level 1. HP: 15/15 MP: 2/2
   585 | D:1      | Reached skill level 1 in Armour
   585 | D:1      | Reached XP level 2. HP: 21/21 MP: 3/3
   677 | D:1      | Slain by a gnoll

Illustrated notes

Levels and vault maps discovered:
D:1:      tarquinn_simple_flora_water_e, layout_basic,
          ebering_ecumenical_altar_hall

Skill      XL: |  1 |
---------------+----+-----
Armour         | 1 |  1.0
Fighting       | |  1.6
Maces & Flails | |  0.3
Bows           | |  2.0
Dodging        | |  2.0
Spellcasting   | |  1.0
Hexes          | |  3.0

Action                   || total
-------------------------++-------
Melee: Club              ||    19
 Fire: Shortbow          ||    27
 Stab: Sleeping          ||     1
Armor: Robe              ||     8
Dodge: Dodged            ||    24
